Map: Stargazers

Players

IllIIIllllII - Winner!

  • Race: Terran Terran
  • League: Diamond
  • Spawn Location: 11:00

Necross

  • Race: Zerg Zerg
  • League: Bronze
  • Spawn Location: 1:00

VOD

Have the link to the VOD?

Description

Time

  • Played on: Dec. 1, 2022, 11:15 p.m.
  • Length: 10:42
Show
View Real Time Build Order
Export as new Build Order

IllIIIllllII Terran - Winner!

Build Orders:  

Get SALT Encoding   

  12  0:00  SCV  
  13  0:12  SCV  
  14  0:25  SCV  
  14  0:27  Supply Depot  
  15  0:35  Refinery  
  15  0:48  SCV  
  15  0:49  Barracks  
  16  1:01  SCV  
  16  1:02  Refinery  
  17  1:13  SCV  
  18  1:24  Supply Depot  
  18  1:26  SCV  
  19  1:38  SCV  
  20  1:50  Bunker  
  20  1:51  Marine  
  21  1:55  Orbital Command  
  21  2:08  Marine  
  22  2:26  Command Center  
  22  2:31  Marine  
  23  2:41  Factory  
  23  2:46  SCV  
  24  2:58  Engineering Bay  
  24  3:01  Marine  
  24  3:05  SCV  
  26  3:18  Supply Depot  
  26  3:21  Bunker  
  26  3:23  Marine  
  27  3:37  Planetary Fortress  
  27  3:45  SCV  
  28  3:49  Hellion  
  30  4:00  Ghost Academy  
  30  4:08  Marine  
  30  4:29  Factory Tech Lab  
  30  4:34  Barracks, Personal Cloaking  
  30  4:37  Barracks Tech Lab  
  30  4:41  SCV  
  30  4:42  SCV  
  32  4:54  Supply Depot, SCV  
  32  4:58  Siege Tank  
  36  5:09  Supply Depot  
  36  5:11  SCV  
  37  5:15  SCV  
  37  5:19  Supply Depot  
  38  5:30  Ghost  
  38  5:32  SCV  
  40  5:50  SCV x2  
  42  6:02  SCV x2  
  44  6:06  Barracks Tech Lab  
  44  6:08  Siege Tank  
  44  6:10  Factory  
  47  6:13  Starport  
  47  6:14  SCV  
  48  6:22  Refinery x2  
  48  6:41  Supply Depot  
  48  6:44  Supply Depot  
  43  6:58  Ghost x2  
  43  7:00  Factory Tech Lab  
  47  7:01  Siege Tank  
  47  7:05  Medivac  
  47  7:06  Fusion Core  
  47  7:07  SCV x2  
  54  7:13  Nuke  
  54  7:43  Command Center  
  54  8:05  Supply Depot x2, Starport Tech Lab  
  54  8:12  Armory  
  54  8:13  Factory, Supply Depot  
  54  8:14  Supply Depot  
  54  8:27  SCV, Cyclone  
  58  8:33  SCV  
  59  8:39  SCV  
  60  8:45  SCV  
  61  8:59  Thor, Factory Tech Lab  
  65  9:19  Ghost x2  
  69  9:40  SCV x2  
  71  9:47  Ghost  
  71  9:48  Ghost  
  75  9:52  SCV  
Show
View Real Time Build Order
Export as new Build Order

Necross Zerg 

Build Orders: Pool First 

Get SALT Encoding   

  12  0:02  Drone  
  13  0:08  Drone  
  14  0:20  Extractor  
  13  0:21  Drone  
  13  0:22  Drone, Extractor  
  16  0:30  Overlord  
  16  0:50  Drone x2  
  16  0:56  Drone  
  19  0:59  Extractor  
  19  1:01  Extractor  
  19  1:02  Spawning Pool  
  16  1:06  Drone  
  17  1:17  Drone  
  18  1:30  Drone  
  19  1:41  Drone, Hatchery  
  19  1:52  Drone  
  20  1:56  Queen  
  22  2:04  Overlord  
  22  2:22  Metabolic Boost  
  22  2:25  Zergling x4  
  22  2:29  Baneling Nest  
  23  2:37  Queen  
  23  2:39  Zergling x2  
  23  2:43  Zergling x2  
  27  2:53  Zergling x2  
  28  3:00  Drone  
  28  3:03  Queen  
  31  3:06  Zergling x4  
  31  3:07  Zergling x2  
  31  3:11  Zergling x2  
  35  3:16  Baneling x3  
  35  3:24  Spine Crawler  
  35  3:26  Baneling x3  
  34  3:31  Zergling x2  
  35  3:39  Lair  
  35  3:46  Spore Crawler  
  34  3:49  Drone x2  
  36  3:58  Overlord  
  29  4:19  Zergling x8  
  29  4:20  Zergling x6  
  35  4:31  Zergling x2  
  36  4:32  Queen  
  36  4:33  Zergling x2  
  39  4:59  Roach Warren  
  38  5:00  Drone, Spire  
  38  5:02  Drone  
  39  5:08  Drone  
  40  5:20  Overseer  
  32  5:45  Roach x3  
  32  5:46  Roach  
  38  6:06  Roach x2  
  38  6:08  Overlord  
  38  6:10  Overlord  
  42  6:26  Roach x2  
  43  6:57  Drone  
  43  6:58  Drone x2, Roach  
  43  6:59  Roach x4  
  54  7:21  Spore Crawler  
  53  7:45  Spine Crawler, Hatchery  
  53  7:47  Zerg Flyer Weapons Level 1, Spine Crawler  
  53  7:51  Overlord x2  
  50  7:53  Overseer  
  50  7:56  Overseer  
  50  8:00  Overlord x2  
  50  8:17  Overseer  
  50  8:25  Zergling x8  
  40  8:51  Zergling x2  
  35  9:07  Drone  
  30  9:36  Drone  
Tags
 
Matchup
TvZ
Opening
Pool First
Spawn Locations
Close Positions
Add a new tag
Caveats
  • Supply blocks, unpowered buildings, or Contaminate may cause inaccurate times.
  • Supply counts are checked every 10 seconds.